 Dungeon Crawl Stone Soup version 0.17-a0-1572-g7a1422d (webtiles) character file.

11410 mirrormirror the Covert (level 11, -3/59 HPs)
             Began as a Spriggan Assassin on July 14, 2015.
             Was an Elder of Dithmenos.
             Slain by an orc warlord
             ... wielding a +0 great sword
              (26 damage)
             ... on level 1 of the Orcish Mines on July 25, 2015.
             The game lasted 02:24:08 (21223 turns).

mirrormirror the Covert (Spriggan Assassin)        Turns: 21223, Time: 02:24:09

Health: -3/59      AC:  5    Str:  7    XL:     11   Next: 48%
Magic:  15/15      EV: 32    Int: 14    God:    Dithmenos [****..]
Gold:   735        SH:  0    Dex: 22    Spells: 1 memorised, 10 levels left

rFire  + . .     SeeInvis +     q - +0 dagger (venom)
rCold  + . .     Clarity  .     E - +2 robe {rC+ rF+}
rNeg   . . .     SustAt   .     (shield restricted)
rPois  .         Gourm    .     (helmet restricted)
rElec  .         Spirit   .     d - +0 cloak
rCorr  .         Warding  .     (gloves unavailable)
rMut   .         Stasis   .     (boots unavailable)
MR     +....                    (no amulet)
Stlth  ++++++++++               J - +2 ring of intelligence
                                b - ring of see invisible

@: wreathed by umbra, very quick, somewhat resistant to hostile enchantments,
uncannily stealthy
A: unfitting armour, see invisible, herbivore 3, speed 3, slow metabolism 2
a: Shadow Step, Renounce Religion


You were on level 1 of the Orcish Mines.
You worshipped Dithmenos.
Dithmenos was greatly pleased with you.
You were full.

You visited 3 branches of the dungeon, and saw 15 of its levels.

You collected 735 gold pieces.

Inventory:

Hand weapons
 a - a +2 dagger
 n - a +1 hunting sling of evasion
 q - a +0 dagger of venom (weapon)
 y - a +5 dagger of speed
 R - a +0 blowgun of evasion
Missiles
 e - 44 poisoned needles
 f - 2 curare-tipped needles
 W - 4 needles of paralysis
Armour
 c - a +0 robe
 d - a +0 cloak (worn)
 E - a +2 robe of resistance (worn)
Jewellery
 b - a ring of see invisible (left hand)
 s - an uncursed ring of protection from cold
 v - an uncursed amulet of resist mutation
 D - an uncursed ring of teleportation
 J - a +2 ring of intelligence (right hand)
 S - an uncursed ring of flight
 Z - an uncursed ring of wizardry {unknown}
Magical devices
 t - a wand of disintegration (13)
 G - a wand of magic darts (33)
 N - a wand of magic darts (22)
Scrolls
 l - 8 scrolls of teleportation
 m - 3 scrolls of magic mapping
 r - 4 scrolls of enchant armour
 u - 4 scrolls of recharging
 x - 2 scrolls of amnesia
 U - a scroll of fear
 Y - 3 scrolls of enchant weapon {unknown}
Potions
 i - 2 potions of might
 j - 3 potions of agility
 k - 5 potions of curing
 o - a potion of invisibility {unknown}
 p - 2 potions of cure mutation {unknown}
 w - 2 potions of resistance
 z - a potion of magic {unknown}
 B - a potion of haste {unknown}
 F - a potion of flight {unknown}
 I - 2 potions of brilliance {unknown}
 K - 2 potions of ambrosia {unknown}
 L - 2 potions of mutation {unknown}
 M - a potion of cancellation {unknown}
 O - a potion of heal wounds {unknown}
 P - a potion of poison {unknown}
Books
 h - a book of Air

   Spells                             Type                      Level
   a - Shock                          Conjuration/Air              1
   b - Swiftness                      Charms/Air                   2
   c - Repel Missiles                 Charms/Air                   2
   d - Static Discharge               Conjuration/Air              3
   e - Lightning Bolt                 Conjuration/Air              5
 C - a Grand Grimoire

   Spells                             Type                      Level
   a - Monstrous Menagerie            Summoning                    6
   b - Summon Greater Demon           Summoning                    7
   c - Malign Gateway                 Summoning/Translocation      7
   d - Summon Horrible Things         Summoning                    8
 H - a book of Party Tricks

   Spells                             Type                      Level
   a - Summon Butterflies             Summoning                    1
   b - Apportation                    Translocation                1
   c - Tukima's Dance                 Hexes                        3
   d - Alistair's Intoxication        Transmutation/Poison         4
   e - Invisibility                   Hexes                        6
 Q - a book of Summonings

   Spells                             Type                      Level
   a - Recall                         Summoning/Translocation      3
   b - Aura of Abjuration             Summoning                    5
   c - Shadow Creatures               Summoning                    5
   d - Summon Demon                   Summoning                    5
   e - Summon Forest                  Summoning/Translocation      5
   f - Summon Mana Viper              Hexes/Summoning              5
 T - a book of Party Tricks

   Spells                             Type                      Level
   a - Summon Butterflies             Summoning                    1
   b - Apportation                    Translocation                1
   c - Tukima's Dance                 Hexes                        3
   d - Alistair's Intoxication        Transmutation/Poison         4
   e - Invisibility                   Hexes                        6
Comestibles
 g - 6 bread rations


   Skills:
 + Level 7.7 Fighting
 + Level 10.1 Short Blades
 - Level 2.2 Throwing
 + Level 12.7 Dodging
 + Level 14.7 Stealth
 + Level 2.6 Spellcasting


You had 10 spell levels left.
You knew the following spells:

 Your Spells              Type           Power        Failure   Level  Hunger
a - Lightning Bolt        Conj/Air       #.........   100%        5    ######.


Dungeon Overview and Level Annotations

Branches:
Dungeon (12/15)            Temple (1/1) D:4            Lair (0/8) D:11
    Orc (2/4) D:10

Altars:
Ashenzari
Cheibriados
Dithmenos
Elyvilon
Fedhas
Gozag
Kikubaaqudgha
Makhleb
Nemelex Xobeh
Okawaru
Qazlal
Ru
Sif Muna
Trog
Vehumet
Xom
Yredelemnul
Zin
The Shining One

Shops:
D:2 *   D:8 (*!=[   D:12 [

Annotations:
D:3 Sigmund
D:8 UristMcKoga's ghost, experienced NaSk
D:9 Nergalle
D:11 filfer's ghost, powerful OpVM


Innate Abilities, Weirdness & Mutations

You are tiny and cannot use many weapons and most armour.
You have supernaturally acute eyesight.
You are a herbivore.
You cover ground extremely quickly.
You need consume almost no food.


Message History

You hit the orc warlord but do no damage.
The orc warlord is severely wounded.
You hit the orc warlord but do no damage.
The orc warlord is severely wounded.
You hit the orc warlord but do no damage.
The orc warlord is severely wounded.
The orc warlord completely misses you.
You hit the orc warlord but do no damage.
The orc warlord is severely wounded.
You hit the orc warlord.
The orc warlord is severely wounded.
You hit the orc warlord.
The orc warlord is severely wounded.
The orc warlord misses you.
You hit the orc warlord but do no damage.
The orc warlord is severely wounded.
You hit the orc warlord but do no damage.
The orc warlord is severely wounded.
The orc warlord hits you with a great sword!!
You die...

#).....[))####....##
##...#.#)## #...##
##..((.((.# ##.##
#.......(## ###
##.#(...(.#
###.(....##
#((.#..(.###
##.o.#.(....##
#..@..#......#
##.......##.##
##......# ##
#.....## ##.....#
#.....## ####.####
##.##.## #......#


You could see an orc warlord.

Vanquished Creatures
  Snorg (D:10)
  An unseen horror (D:11)
  Pikel (D:6)
  Joseph (D:8)
  A troll (Orc:1)
  Grinder (D:4)
  A shadow (D:11)
  8 yaks
  A spriggan (D:7)
  A hungry ghost (D:10)
  A hill giant zombie (D:10)
  Grum (D:10)
  A deep elf fighter (D:11)
  3 wolves (D:10)
  A hippogriff (D:12)
  Duvessa (D:4)
  8 ogres
  8 orc warriors
  3 phantoms
  An ice beast (D:9)
  An eye of draining (D:9)
  4 black bears
  A water moccasin (D:10)
  2 slaves
  A necrophage (D:8)
  11 centaurs
  3 big kobolds
  2 giant frogs
  Dowan (D:4)
  3 scorpions
  A troll zombie (D:10)
  10 killer bees
  A lava snake (D:12)
  5 crimson imps
  A centaur zombie (D:10)
  2 electric eels (D:9)
  3 wights (D:11)
  3 orc priests
  Crazy Yiuf (D:4)
  A giant frog skeleton (D:12)
  4 hounds
  A jelly (D:10)
  12 orc wizards
  5 iguanas
  9 worker ants
  5 ogre zombies (D:10)
  A hound zombie (D:8)
  Robin (D:3)
  8 gnolls (D:2)
  11 adders
  A shadow imp (D:5)
  3 worms (D:2)
  39 orcs
  2 giant cockroaches
  19 goblins
  19 hobgoblins
  6 jackals
  2 quokkas (D:2)
  2 ball pythons
  19 bats
  7 giant geckos
  A giant gecko skeleton (D:6)
  6 giant newts
  A goblin zombie (D:10)
  A hobgoblin skeleton (D:10)
  2 hobgoblin zombies (D:10)
  30 kobolds
  3 orc skeletons (D:10)
  16 orc zombies (D:10)
  A quokka skeleton (D:5)
  A quokka zombie (D:5)
  29 rats
369 creatures vanquished.

Vanquished Creatures (others)
  2 humans (D:11)
  2 slaves (D:8)
  A wyvern skeleton (D:8)
  A crimson imp (D:8)
  An adder (D:8)
  An orc (Orc:2)
  A bat (D:8)
  A kobold (D:8)
10 creatures vanquished.

Grand Total: 379 creatures vanquished

Notes
Turn   | Place    | Note
--------------------------------------------------------------
     0 | D:1      | mirrormirror the Spriggan Assassin began the quest for the Orb.
     0 | D:1      | Reached XP level 1. HP: 10/10 MP: 2/2
    37 | D:1      | Reached skill level 6 in Stealth
   207 | D:1      | Reached XP level 2. HP: 10/15 MP: 3/3
  1199 | D:2      | Found a radiant altar of Vehumet.
  1207 | D:2      | Reached XP level 3. HP: 18/18 MP: 4/4
  1865 | D:2      | Reached XP level 4. HP: 23/23 MP: 5/5
  2150 | D:2      | Noticed a moth of wrath
  2301 | D:2      | Found Zin's Purification Station.
  2306 | D:2      | Found a glowing silver altar of Zin.
  2377 | D:2      | Reached skill level 7 in Stealth
  2915 | D:2      | Reached XP level 5. HP: 21/27 MP: 6/6
  3011 | D:2      | Found a bloodstained altar of Trog.
  3113 | D:3      | Noticed Sigmund
  3465 | D:3      | Noticed Robin
  3512 | D:3      | Killed Robin
  3514 | D:3      | Noticed a centaur
  4358 | D:4      | Reached XP level 6. HP: 32/32 MP: 7/7
  4406 | D:4      | Noticed Grinder
  4940 | D:4      | Noticed Crazy Yiuf
  4959 | D:4      | Killed Crazy Yiuf
  5174 | D:4      | Found a shimmering altar of Xom.
  5463 | D:4      | Noticed Dowan
  5470 | D:4      | Upgraded the game from 0.17-a0-1522-g6c5b4ba to 0.17-a0-1534-gf98da79
  5495 | D:4      | Noticed Duvessa
  5553 | D:4      | Killed Duvessa
  5553 | D:4      | Reached skill level 5 in Dodging
  5553 | D:4      | Reached skill level 8 in Stealth
  5612 | D:4      | Killed Dowan
  5676 | D:4      | Killed Grinder
  5676 | D:4      | Reached XP level 7. HP: 11/37 MP: 8/8
  5797 | D:4      | Found a staircase to the Ecumenical Temple.
  5807 | Temple   | Entered the Ecumenical Temple
  5872 | Temple   | Became a worshipper of Dithmenos the Shadowed
  6102 | D:5      | Entered Level 5 of the Dungeon
  6293 | D:5      | Found an opulent altar of Gozag.
  6297 | D:5      | Reached skill level 5 in Short Blades
  6297 | D:5      | Reached skill level 9 in Stealth
  7119 | D:6      | Reached XP level 8. HP: 42/42 MP: 9/9
  7792 | D:5      | Upgraded the game from 0.17-a0-1534-gf98da79 to 0.17-a0-1567-gdd419b1
  8252 | D:6      | Found a sacrificial altar of Ru.
  8365 | D:7      | Reached skill level 10 in Stealth
  8596 | D:7      | Found a stormy altar of Qazlal.
  8596 | D:7      | Found a basalt altar of Yredelemnul.
  8637 | D:7      | Found a burning altar of Makhleb.
  8775 | D:6      | Upgraded the game from 0.17-a0-1567-gdd419b1 to 0.17-a0-1570-g74b7129
  9000 | D:6      | Reached skill level 5 in Fighting
  9372 | D:8      | Found Watzutui's Armour Boutique.
  9387 | D:8      | Noticed Pikel
  9387 | D:8      | Noticed Joseph
  9389 | D:8      | Killed Joseph
  9389 | D:8      | Reached skill level 11 in Stealth
  9389 | D:8      | Reached XP level 9. HP: 44/47 MP: 10/10
  9392 | D:8      | Noticed UristMcKoga's ghost (experienced NaSk)
  9399 | D:8      | Found Apsi Pef's Distillery.
  9402 | D:8      | Found Xaaxkad's Assorted Antiques.
  9422 | D:8      | Found Keetih's Jewellery Boutique.
  9620 | D:6      | Killed Pikel
 10144 | D:7      | Acquired Dithmenos's first power
 10591 | D:8      | Reached skill level 10 in Dodging
 10603 | D:8      | Reached skill level 12 in Stealth
 10759 | D:8      | Found an ancient bone altar of Kikubaaqudgha.
 11233 | D:8      | Upgraded the game from 0.17-a0-1570-g74b7129 to 0.17-a0-1572-g7a1422d
 11423 | D:8      | Reached XP level 10. HP: 45/53 MP: 11/11
 11768 | D:8      | Found Ruirumi's Antique Weapon Shop.
 11956 | D:9      | Acquired Dithmenos's second power
 12598 | D:10     | Entered Level 10 of the Dungeon
 12607 | D:10     | Noticed Snorg
 12785 | D:10     | Noticed Nergalle
 13097 | D:10     | Noticed Grum
 13403 | D:11     | Reached skill level 13 in Stealth
 13455 | D:11     | Found a staircase to the Lair.
 13484 | D:11     | Noticed a death yak
 13487 | D:11     | Noticed an unseen horror
 13722 | D:11     | Noticed a death yak
 13723 | D:11     | Noticed a death yak
 14866 | D:11     | Noticed an unseen horror
 14868 | D:11     | Killed an unseen horror
 14895 | D:11     | Noticed filfer's ghost (powerful OpVM)
 16004 | D:10     | Acquired Dithmenos's third power
 16188 | D:10     | Killed Grum
 16517 | D:10     | Reached XP level 11. HP: 45/58 MP: 12/12
 17113 | D:10     | Found a staircase to the Orcish Mines.
 17273 | D:10     | Noticed a lindwurm
 17526 | D:10     | You fall through a shaft for 2 floors!
 17638 | D:12     | Found Wuawer's Antique Armour Emporium.
 17666 | D:12     | Reached skill level 14 in Stealth
 19069 | D:12     | Learned a level 5 spell: Lightning Bolt
 19724 | D:10     | Noticed an unseen horror
 19731 | Orc:1    | Entered Level 1 of the Orcish Mines
 20057 | D:10     | Killed Snorg
 20057 | D:10     | Reached skill level 10 in Short Blades
 20057 | D:10     | Reached skill level 1 in Spellcasting
 20332 | Orc:2    | Noticed an orc warlord
 21223 | Orc:1    | Slain by an orc warlord

Vault maps used:
D:1:      minmay_arrival_wavy_path, serial_bayou_ford_a
D:2:      old_standard_altar, zin_purify, tgw_trog
D:3:      minmay_cut_off, uniq_sigmund, uniq_robin
D:4:      temple_hall, serial_forest, infiniplex_forest_clump_diagonal,
          infiniplex_forest_end_2, infiniplex_forest_clump_medium,
          infiniplex_forest_side_room, infiniplex_forest_straight_3,
          first_bread, xom_teletrap_fun, uniq_duvessa, uniq_crazy_yiuf_cottage,
          uniq_grinder
D:5:      grunt_gozag_statues
D:6:      nicolae_ru_path_of_blood, serial_curves, eino_curves_02,
          eino_curves_02
D:7:      gammafunk_temple_overflow_forgotten, minmay_misc_feat_hallway,
          the_bakery
D:8:      lemuel_zombie_altar_kikubaaqudgha, serial_shops, shop,
          nicolae_shop_crystal, shop, nicolae_shop_crystal, shop, uniq_pikel,
          uniq_joseph
D:10:     zombieorc2_lemuel, uniq_grum, uniq_nergalle, uniq_snorg
D:11:     slaughterhouse, grunt_lair_entry_elf_guard_hut, enter_trove_3,
          basic_altar, statue_in_the_mist_lemuel
D:12:     serial_shops, shop
Temple:   zaba_magenta_temple_12
Orc:2:    serial_shops, nicolae_shop_crystal

Action                   |  1- 3 |  4- 6 |  7- 9 | 10-12 || total
-------------------------+-------+-------+-------+-------++-------
Melee: Dagger            |    81 |   180 |   570 |  1564 ||  2395
 Fire: Blowgun           |    20 |    34 |    34 |    54 ||   142
  Use: Scroll            |     4 |     4 |     5 |     8 ||    21
       Potion            |       |       |       |     1 ||     1
 Stab: Sleeping          |     8 |    15 |    25 |    21 ||    69
       Distracted        |       |     3 |     1 |    13 ||    17
  Eat: Pizza             |       |     1 |     2 |       ||     3
       Bread ration      |       |       |     1 |     3 ||     4
